 Dungeon Crawl Stone Soup version 0.31.0-12-g77e489cdc1 (webtiles) character file.

Game seed: 150596992984306834

317 Ruich the Shooter (level 6, -3/52 HPs)
             Began as a Demigod Hunter on Mar 1, 2024.
             Slain by a gnoll sergeant
             ... wielding a +0 spear of distortion
              (4 damage)
             ... on level 5 of the Dungeon.
             The game lasted 00:06:02 (2765 turns).

Ruich the Shooter (Demigod Hunter)                  Turns: 2765, Time: 00:06:02

Health: -3/52      AC:  3    Str: 12    XL:     6   Next: 0%
Magic:  8/8        EV: 12    Int: 11    God:
Gold:   183        SH:  0    Dex: 25    Spells: 5/5 levels left

rFire   . . .        a - +0 shortbow
rCold   . . .        (shield currently unavailable)
rNeg    . . .        c - +0 leather armour
rPois   .            (no helmet)
rElec   .            (no cloak)
rCorr   .            (no gloves)
SInv    .            (no boots)
Will    .....        (no amulet)
Stlth   ++           (no ring)
HPRegen 0.28/turn    (no ring)
MPRegen 0.11/turn

%: no passive effects
@: no status effects
A: high MP 1, forlorn, divine attributes
a: no special abilities


You were on level 5 of the Dungeon.
You visited 1 branch of the dungeon, and saw 5 of its levels.

You collected 183 gold pieces.


Innate Abilities, Weirdness & Mutations

You have an increased reservoir of magic. (+10% MP)
You shall have no god before yourself.
Your divine heritage dramatically boosts your attributes as you level up.


   Skills:
 + Level 3.7 Fighting
 * Level 6.0 Ranged Weapons
 - Level 1.7 Dodging
 - Level 0.8 Stealth


You had 5 spell levels left.
You didn't know any spells.
Your spell library contained the following spells:

 Spells                   Type           Power      Damage    Failure   Level
 Summon Small Mammal      Summ           0%         N/A       41%         1
 Cigotuvi's Dreadful Rot  Necr/Alch/Air  0%         N/A       56%         2
 Lesser Beckoning         Tloc           0%         N/A       56%         2
 Call Canine Familiar     Summ           0%         N/A       80%         3
 Gell's Gravitas          Tloc           0%         N/A       80%         3
 Teleport Other           Tloc           0%         N/A       80%         3
 Ignite Poison            Fire/Alch      0%         N/A       99%         4
 Summon Blazeheart Golem  Fire/Summ      0%         N/A       99%         4
 Freezing Cloud           Conj/Ice/Air   0%         6-21      100%        5

Inventory:

Hand Weapons
 a - a +0 shortbow (weapon)
Missiles
 l - 6 javelins
Armour
 c - a +0 leather armour (worn)
Scrolls
 b - a scroll of butterflies
 f - a scroll of blinking {unknown}
 h - a scroll of poison {unknown}
 i - 4 scrolls of identify {unknown}
 j - a scroll of amnesia {unknown}
 o - a scroll of enchant weapon {unknown}
Potions
 d - a potion of haste {unknown}
 e - a potion of curing {unknown}
 g - 2 potions of resistance {unknown}
 k - a potion of magic {unknown}
 m - a potion of invisibility {unknown}
 n - a potion of degeneration {unknown}

Dungeon Overview and Level Annotations

Branches:
Dungeon (5/15)
 Temple: D:4-7

## #.#########
#g#..g....#
#.#.#####.#
#g#.#...g.#
#.#.#.##..###.#
#g#g#.##g.....#
#.#.#.##.######
#.g.#.##.#<)gg#
#####.#..####@#
#.#.......#
#.#..######
#.#..# #..#
#..# #..# #..#
#.(.


You could see a gnoll sergeant and a gnoll.


Message History

The gnoll closely misses you.
Fire: a) +0 shortbow
Press: ? - help, Q - select action, (/) - cycle Shift-Dir - straight line, f/p - gnoll sergeant
Aim: a gnoll sergeant, wielding a +0 spear of distortion, wearing a +0 ring mail and wearing a +0 kite shield (heavily wounded, 77% to hit)
You shoot an arrow. The gnoll sergeant is almost dead.
The gnoll sergeant closely misses you. The gnoll misses you.
Unknown command.
Fire: a) +0 shortbow
Press: ? - help, Q - select action, (/) - cycle Shift-Dir - straight line, f/p - gnoll sergeant
Aim: a gnoll sergeant, wielding a +0 spear of distortion, wearing a +0 ring mail and wearing a +0 kite shield (almost dead, 77% to hit)
You shoot an arrow. The gnoll sergeant is almost dead.
The gnoll sergeant closely misses you. The gnoll closely misses you.
Unknown command.
Fire: a) +0 shortbow
Press: ? - help, Q - select action, (/) - cycle Shift-Dir - straight line, f/p - gnoll sergeant
Aim: a gnoll sergeant, wielding a +0 spear of distortion, wearing a +0 ring mail and wearing a +0 kite shield (almost dead, 77% to hit)
You shoot an arrow.
The arrow barely misses the gnoll sergeant.
The gnoll sergeant barely misses you.
* * * LOW HITPOINT WARNING * * *
Unknown command.
Fire: a) +0 shortbow
Press: ? - help, Q - select action, (/) - cycle Shift-Dir - straight line, f/p - gnoll sergeant
Aim: a gnoll sergeant, wielding a +0 spear of distortion, wearing a +0 ring mail and wearing a +0 kite shield (almost dead, 77% to hit)
You shoot an arrow. The gnoll sergeant blocks the arrow.
* * * LOW HITPOINT WARNING * * *
Space warps around you.
You die...

Skill      XL: |  1  2  3  4  5 |
---------------+----------------+-----
Fighting       | 2 3 |  3.7
Ranged Weapons | 4 5 6 |  6.0
Dodging        | |  1.7
Stealth        | |  0.8

Action                     |  1- 3 |  4- 6 || total
---------------------------+-------+-------++-------
   Fire: Shortbow          |   117 |   116 ||   233
 Armour: Leather armour    |    13 |    24 ||    37
  Dodge: Dodged            |    18 |    33 ||    51

Levels and vault maps discovered:
D:1:      grunt_arrival_crossed_arrows, layout_loops_cross
D:2:      layout_basic, serial_aquarium, aquarium_bridge_square
          [aquarium_subvault_bridge, aquarium_subvault_bridge,
          aquarium_subvault_bridge, aquarium_subvault_wall],
          aquarium_window_corner, aquarium_window_fake, aquarium_view_2c,
          aquarium_view_2d, minmay_indecisive_spiral
D:3:      layout_rooms
D:4:      layout_basic, nicolae_overflow_hidden_temple, kennysheep_potato
D:5:      layout_basic, general_overflow_altar, feat_on_display

Notes
Turn   | Place    | Note
-------+----------+-------------------------------------------
     0 | D:1      | Ruich the Demigod Hunter began the quest for the Orb.
     0 | D:1      | Reached XP level 1. HP: 17/17 MP: 3/3
   138 | D:1      | Reached skill level 2 in Fighting
   258 | D:1      | Reached skill level 4 in Ranged Weapons
   258 | D:1      | Reached XP level 2. HP: 24/24 MP: 4/4
   703 | D:2      | Reached XP level 3. HP: 30/30 MP: 5/5
  1311 | D:3      | Reached XP level 4. HP: 37/37 MP: 6/6
  1559 | D:4      | Reached skill level 3 in Fighting
  1559 | D:4      | Reached skill level 5 in Ranged Weapons
  1590 | D:4      | Reached XP level 5. HP: 45/45 MP: 7/7
  2470 | D:5      | Entered Level 5 of the Dungeon
  2757 | D:5      | Reached skill level 6 in Ranged Weapons
  2757 | D:5      | Reached XP level 6. HP: 50/52 MP: 8/8
  2765 | D:5      | HP: 1/52 [gnoll sergeant/+0 spear of distortion (13)]
  2765 | D:5      | Slain by a gnoll sergeant

Vanquished Creatures
  A scorpion (D:4)
  A jelly (D:3)
  A bombardier beetle (D:5)
  An iguana (D:4)
  7 gnolls
  A shadow imp (D:4)
  2 ufetubi (D:5)
  4 dart slugs
  6 orcs
  3 ball pythons
  2 bats (D:2)
  7 endoplasms
  4 giant cockroaches
  8 goblins
  5 hobgoblins (D:1)
  3 quokkas
  3 frilled lizards
  6 kobolds
  5 rats
70 creatures vanquished.

Table legend: (Time is in decaauts)
 A = Elapsed time spent in this place.
 B = Non-inter-level travel time spent in this place.
 C = Inter-level travel time spent in this place.
 D = Time resting spent in this place.
 E = Time spent auto-exploring this place.
 F = Levels seen in this place.
 G = Mean time per level.
                   A        B        C        D        E       F      G
               +--------+--------+--------+--------+--------+-----+--------+
         Total |   2810 |   2721 |     89 |    209 |   1973 |   5 |  562.0 |
       Dungeon |   2810 |   2721 |     89 |    209 |   1973 |   5 |  562.0 |
               +--------+--------+--------+--------+--------+-----+--------+

Top non-repeatable levels by time:
     D:4: 930 daAuts
     D:1: 614 daAuts
     D:2: 606 daAuts
     D:3: 357 daAuts
     D:5: 300 daAuts

Table legend:
 A = Non-vault XP
 B = Vault XP
 C = Vault XP percentage of total XP
 D = Non-vault monster count
 E = Vault monster count
 F = Vault count percentage of total count
                 A         B        C        D         E       F
            +---------+---------+-------+---------+---------+-------
      Total |     413 |      41 |   9.0 |      65 |       5 |   7.1
            +---------+---------+-------+---------+---------+-------
        D:1 |      44 |       0 |   0.0 |      25 |       0 |   0.0
        D:2 |      26 |       6 |  18.8 |      12 |       4 |  25.0
        D:3 |      62 |       0 |   0.0 |       8 |       0 |   0.0
        D:4 |     177 |      35 |  16.5 |      13 |       1 |   7.1
        D:5 |     104 |       0 |   0.0 |       7 |       0 |   0.0
            +---------+---------+-------+---------+---------+-------
